 Dungeon Sprint DCSS version 0.31-a0-845-g9abc20d24f (webtiles) character file.

Game seed: 15601718469117026018

2872 Danienth the Warrior (level 9, -2/100 HPs)
             Began as a Minotaur Fighter on Oct 2, 2023.
             Was a Believer of Okawaru.
             Slain by a demonic crawler (9 damage)
             ... in the Dungeon (Sprint I: "Red Sonja").
             The game lasted 00:07:21 (798 turns).

Danienth the Warrior (Minotaur Fighter)              Turns: 798, Time: 00:07:23

Health: -2/100     AC:  9    Str: 23    XL:     9   Next: 47%
Magic:  6/8        EV: 14    Int:  5    God:    Okawaru [**....]
Gold:   444        SH:  0    Dex: 12    Spells: 8/8 levels left

rFire   . . .        i - +7 battleaxe (freeze)
rCold   . . .        (shield currently unavailable)
rNeg    . . .        b - +0 scale mail
rPois   .            (helmet restricted)
rElec   .            (no cloak)
rCorr   .            (no gloves)
SInv    .            (no boots)
Will    .....        (no amulet)
Stlth   ++++         (no ring)
HPRegen 0.36/turn    (no ring)
MPRegen 0.11/turn

%: no teleportation
@: heroic
A: horns 2, retaliatory headbutt
a: Renounce Religion, Heroism


You were in the Dungeon.
You worshipped Okawaru.
Okawaru was pleased with you.
You visited 1 branch You collected 719 gold pieces.
You spent 275 gold pieces at shops.

Inventory:

Hand Weapons
 a - a +0 war axe
 i - a +7 battleaxe of freezing (weapon)
 k - a +2 short sword of draining
 m - a +2 short sword of speed
Missiles
 l - 4 curare-tipped darts
Armour
 b - a +0 scale mail (worn)
 c - a +0 buckler
Wands
 d - a wand of paralysis (6)
Scrolls
 g - a scroll of enchant weapon {unknown}
Potions
 e - 3 potions of curing
 h - 2 potions of magic


   Skills:
 * Level 15.6(20.6) Fighting
 + Level 13.7(18.7) Axes
 * Level 9.1(14.1) Armour
 * Level 6.5(11.5) Dodging
 - Level 8.3(13.3) Stealth
 - Level 5.1(10.1) Shields
 + Level 0.5 Invocations
 - Level 3.3 Evocations


You had 8 spell levels left.
You didn't know any spells.
Your spell library was empty.

Dungeon Overview and Level Annotations

Branches:
Dungeon (1/1)

Altars:
Cheibriados
Dithmenos
Elyvilon
Fedhas
Gozag
Hepliaklqana
Kikubaaqudgha
Makhleb
Nemelex Xobeh
Okawaru
Qazlal
Ru
Sif Muna
Trog
Uskayaw
Vehumet
Wu Jian
Xom
Yredelemnul
Zin
The Shining One
Jiyva
Lugonu

Shops:
D :(


Innate Abilities, Weirdness & Mutations

You have a pair of horns on your head.
You reflexively headbutt those who attack you in melee.


Message History

Cleave: i) +7 battleaxe (freeze)
Press: ? - help, Dir - move target, f - demonic crawler
Aim: a demonic crawler (about 16% to evade your +7 battleaxe of freezing)
You completely miss the demonic crawler.
You headbutt the demonic crawler, but do no damage.
You slash the demonic crawler! You freeze the demonic crawler.
Cleave: i) +7 battleaxe (freeze)
Press: ? - help, Dir - move target, f/p - demonic crawler
Aim: a demonic crawler (about 16% to evade your +7 battleaxe of freezing)
You hit the demonic crawler but do no damage. x2
The demonic crawler hits you but does no damage. x2
The demonic crawler closely misses you. The demonic crawler hits you!
The demonic crawler completely misses you.
The demonic crawler hits you.
Cleave: i) +7 battleaxe (freeze)
Press: ? - help, Dir - move target, f/p - demonic crawler
Aim: a demonic crawler (about 16% to evade your +7 battleaxe of freezing)
You carve the demonic crawler like a ham!!!
You freeze the demonic crawler!
The demonic crawler is almost dead.
You slice the demonic crawler!! You freeze the demonic crawler!
The demonic crawler hits you but does no damage.
The demonic crawler hits you! The demonic crawler closely misses you.
The demonic crawler hits you!
* * * LOW HITPOINT WARNING * * *
The demonic crawler hits you but does no damage.
The demonic crawler misses you.
Cleave: i) +7 battleaxe (freeze)
Press: ? - help, Dir - move target, f/p - demonic crawler
Aim: a demonic crawler (severely wounded, about 16% to evade your +7 battleaxe of freezing)
You barely miss the demonic crawler.
Your headbutt misses the demonic crawler.
The demonic crawler is severely wounded.
You slash the demonic crawler! You freeze the demonic crawler.
The demonic crawler hits you!
* * * LOW HITPOINT WARNING * * *
The demonic crawler barely misses you. x2; The demonic crawler hits you.
* * * LOW HITPOINT WARNING * * *
The demonic crawler closely misses you. The demonic crawler hits you!
You die...

#####################
.'..#..'..#__#..@s).#
.#.)').#..'..'..#s..##+#
###'#####'#__####...'..#
##..#...#.#### #####..+
_####..##.# ##
____##'#_.+ .∩..†'..._#
..__##_.#+# ____###'#


You could see 2 demonic crawlers.

Vanquished Creatures
  2 demonic crawlers (D)
  Sonja (D)
  2 kobold demonologists (D)
  Sigmund (D)
  A slime creature (D)
  A yak (D)
  A floating eye (D)
  An ogre (D)
  A jelly (D)
  Ijyb (D)
  A ballistomycete spore (D)
13 creatures vanquished.

Vanquished Creatures (others)
  A ballistomycete spore (D)
1 creature vanquished.

Grand Total: 14 creatures vanquished

Notes
Turn   | Place    | Note
-------+----------+-------------------------------------------
     0 | D        | Danienth the Minotaur Fighter began the quest for the Orb.
     0 | D        | Reached XP level 1. HP: 19/19 MP: 0/0
     1 | D        | Noticed Ijyb
     7 | D        | Killed Ijyb
     8 | D        | Reached skill level 5 in Fighting
     8 | D        | Reached skill level 5 in Armour
     8 | D        | Reached skill level 5 in Shields
     8 | D        | Reached XP level 2. HP: 22/29 MP: 1/1
    12 | D        | Noticed an ogre
    17 | D        | Killed an ogre
    18 | D        | Reached skill level 8 in Fighting
    18 | D        | Reached skill level 5 in Axes
    18 | D        | Reached skill level 1 in Stealth
    18 | D        | Reached XP level 3. HP: 33/40 MP: 2/2
    18 | D        | Reached XP level 4. HP: 39/48 MP: 3/3
    27 | D        | Noticed Sigmund
    32 | D        | Killed Sigmund
    33 | D        | Reached skill level 10 in Fighting
    33 | D        | Reached skill level 1 in Evocations
    33 | D        | Reached XP level 5. HP: 52/59 MP: 4/4
    33 | D        | Reached XP level 6. HP: 59/67 MP: 5/5
    41 | D        | Found a burning altar of Makhleb.
    41 | D        | Found a viscous altar of Jiyva.
    41 | D        | Found a shimmering altar of Xom.
    41 | D        | Found a corrupted altar of Lugonu.
    41 | D        | Noticed a slime creature
    46 | D        | Killed a slime creature
    47 | D        | Reached skill level 11 in Fighting
    47 | D        | Reached skill level 5 in Stealth
    47 | D        | Found an ornate altar of the Wu Jian Council.
    47 | D        | Found a shimmering blue altar of Sif Muna.
    49 | D        | Found a radiant altar of Vehumet.
    89 | D        | Noticed a kobold demonologist
    89 | D        | Noticed a floating eye
    90 | D        | Noticed a kobold demonologist
    92 | D        | Noticed a soul eater
    94 | D        | Killed a floating eye
    95 | D        | Reached XP level 7. HP: 75/75 MP: 6/6
    95 | D        | Noticed an ice devil
   100 | D        | Killed a kobold demonologist
   101 | D        | Reached skill level 12 in Fighting
   102 | D        | Killed a kobold demonologist
   103 | D        | Reached skill level 13 in Fighting
   103 | D        | Reached skill level 1 in Dodging
   103 | D        | Reached XP level 8. HP: 61/86 MP: 7/7
   349 | D        | Found Takakhipn's Antique Weapon Emporium.
   349 | D        | Found an ancient bone altar of Kikubaaqudgha.
   349 | D        | Found a hazy altar of Hepliaklqana.
   349 | D        | Found a hide-covered altar of Uskayaw.
   349 | D        | Found a basalt altar of Yredelemnul.
   349 | D        | Found an opulent altar of Gozag.
   349 | D        | Found a snail-covered altar of Cheibriados.
   349 | D        | Found a sacrificial altar of Ru.
   349 | D        | Found a shadowy altar of Dithmenos.
   350 | D        | Found a stormy altar of Qazlal.
   350 | D        | Found a blossoming altar of Fedhas.
   350 | D        | Found a bloodstained altar of Trog.
   350 | D        | Found an iron altar of Okawaru.
   350 | D        | Found a glowing golden altar of the Shining One.
   350 | D        | Found a glowing silver altar of Zin.
   350 | D        | Found a white marble altar of Elyvilon.
   355 | D        | Found a sparkling altar of Nemelex Xobeh.
   359 | D        | Bought a glowing battleaxe for 275 gold pieces
   366 | D        | Became a worshipper of Warmaster Okawaru
   424 | D        | Noticed Sonja
   429 | D        | Killed Sonja
   429 | D        | Reached * piety under Okawaru
   430 | D        | Reached skill level 14 in Fighting
   506 | D        | Found Bosoutt's Book Boutique.
   542 | D        | Noticed a demonic crawler
   542 | D        | Noticed a demonic crawler
   542 | D        | Noticed a demonic crawler
   542 | D        | Noticed a demonic crawler
   546 | D        | Killed a demonic crawler
   547 | D        | Reached skill level 15 in Fighting
   547 | D        | Reached skill level 5 in Dodging
   547 | D        | Reached XP level 9. HP: 67/97 MP: 5/8
   794 | D        | Killed a demonic crawler
   794 | D        | Reached ** piety under Okawaru
   798 | D        | Slain by a demonic crawler

Illustrated notes

Levels and vault maps discovered:
D:        dungeon_sprint_1 [red_sonja_temple_1, red_sonja_temple_small_1]

Skill      XL: |  1  2  3  4  5  6  7  8  9 |
---------------+----------------------------+-----
Fighting       | 5 8 10 11 13 15 | 15.6
Axes           | 3 5 8 9 11 13 | 13.7
Armour         | 5 7 9 |  9.1
Shields        | 5 |  5.1
Stealth        | 1 4 6 7 8 |  8.3
Evocations     | 1 2 3 |  3.3
Dodging        | 1 5 6 |  6.5
Invocations    | |  0.5

Action                     |  1- 3 |  4- 6 |  7- 9 || total
---------------------------+-------+-------+-------++-------
  Melee: War axe           |     5 |     8 |    10 ||    23
         Headbutt          |     1 |     2 |     6 ||     9
         Battleaxe         |       |       |    15 ||    15
 Invoke: Heroism           |       |       |     2 ||     2
  Evoke: Wand              |     1 |     6 |       ||     7
    Use: Potion            |     2 |       |     2 ||     4
         Scroll            |       |       |     1 ||     1
   Stab: Paralysed         |     2 |     8 |     1 ||    11
         Sleeping          |       |       |     2 ||     2
 Armour: Scale mail        |     2 |       |    44 ||    46
  Dodge: Dodged            |       |       |    37 ||    37
  Block: Buckler           |       |       |     2 ||     2

Table legend: (Time is in decaauts)
 A = Elapsed time spent in this place.
 B = Non-inter-level travel time spent in this place.
 C = Inter-level travel time spent in this place.
 D = Time resting spent in this place.
 E = Time spent auto-exploring this place.
 F = Levels seen in this place.
 G = Mean time per level.
                   A        B        C        D        E       F      G
               +--------+--------+--------+--------+--------+-----+--------+
         Total |    792 |    724 |     68 |    459 |    127 |   1 |  792.0 |
       Dungeon |    792 |    724 |     68 |    459 |    127 |   1 |  792.0 |
               +--------+--------+--------+--------+--------+-----+--------+

Top non-repeatable levels by time:
       D: 792 daAuts
